 Dungeon Crawl Stone Soup version 0.29.0-4-gdea44cf6ec (webtiles) character file.

Game seed: 8949383879993969662

25 qw the Firebug (level 3, -2/28 HPs)
             Began as a Ghoul Fire Elementalist on Aug 30, 2022.
             Slain by a hobgoblin (3 damage)
             ... on level 2 of the Dungeon.
             The game lasted 00:00:48 (1277 turns).

qw the Firebug (Ghoul Fire Elementalist)            Turns: 1277, Time: 00:00:49

Health: -2/28      AC:  3    Str: 13    XL:     3   Next: 6%
Magic:  4/4        EV: 11    Int: 10    God:
Gold:   91         SH:  0    Dex:  9    Spells: 4/5 levels left

rFire   + . .      SeeInvis .     - Unarmed
rCold   + . .      Faith    .   (no shield)
rNeg    + + +      Spirit   .   e - +0 leather armour
rPois   inf        Reflect  .   (no helmet)
rElec   .          Harm     .   (no cloak)
rCorr   .          Rampage  .   (no gloves)
Will    .....                   (no boots)
Stlth   +.........              (no amulet)
HPRegen 0.00/turn               h - ring of protection from fire
MPRegen 0.09/turn               (no ring)

@: inhibited regen
A: claws 1, cold resistance 1, negative energy resistance 3, inhibited
regeneration, torment resistance 2, devour on kill
a: no special abilities


You were on level 2 of the Dungeon.
You visited 1 branch of the dungeon, and saw 2 of its levels.

You collected 91 gold pieces.


Innate Abilities, Weirdness & Mutations

You are immune to poison.
You have sharp fingernails.
Your flesh is cold resistant. (rC+)
You are immune to negative energy. (rN+++)
You do not regenerate when monsters are visible.
You are immune to unholy pain and torment.
You thrive by killing the living.


   Skills:
 - Level 1.1 Fighting
 - Level 1.7 Dodging
 - Level 2.1 Stealth
 + Level 2.4 Unarmed Combat
 - Level 1.7 Spellcasting
 - Level 0.7 Conjurations
 - Level 2.4 Fire Magic


You had 4 spell levels left.
You knew the following spells:

 Your Spells              Type           Power      Damage    Failure   Level
a - Foxfire               Conj/Fire      16%        2x1d4     22%         1

Your spell library contained the following spells:

 Spells                   Type           Power      Damage    Failure   Level
 Scorch                   Fire           10%        2d6       22%         2
 Conjure Flame            Conj/Fire      4%         6-21      54%         3
 Inner Flame              Hex/Fire       3%         N/A       58%         3
 Flame Wave               Conj/Fire      4%         2d5       91%         4

Inventory:

Armour
 e - a +0 leather armour (worn)
Jewellery
 h - a ring of protection from fire (left claw)
Potions
 d - a potion of haste {unknown}
 i - a potion of cancellation {unknown}
 k - a potion of brilliance {unknown}

Dungeon Overview and Level Annotations

Branches:
Dungeon (2/15)

Altars:


Message History

The adder is severely wounded.
The adder bites you. The hobgoblin closely misses you.
The adder bites you but does no damage. The adder closely misses you.
You closely miss the adder.
The adder is severely wounded.
The hobgoblin hits you. The adder bites you but does no damage.
The adder closely misses you.
You scratch the adder.
The adder is almost dead.
The adder bites you but does no damage. The hobgoblin barely misses you.
The adder bites you.
You closely miss the adder.
The adder is almost dead.
The adder bites you. The adder barely misses you.
The hobgoblin barely misses you. The adder bites you.
You scratch the adder.
You kill the adder!
You feel better. The hobgoblin hits you. The adder barely misses you.
Your Unarmed Combat skill increases to level 2!
You have reached level 3!
Your experience leads to an increase in your attributes!
Increase (S)trength, (I)ntelligence, or (D)exterity?
You feel stronger. x2
You barely miss the adder. The adder bites you but does no damage.
The hobgoblin barely misses you.
You barely miss the adder. The adder closely misses you.
The hobgoblin hits you but does no damage.
The adder closely misses you.
You miss the adder. The hobgoblin hits you. The adder barely misses you.
You closely miss the adder. The hobgoblin barely misses you.
The adder barely misses you.
You miss the adder. The adder bites you but does no damage.
The hobgoblin completely misses you.
You scratch the adder.
The adder is heavily wounded.
The adder barely misses you. The hobgoblin hits you.
You die...

##### #### #...######
...######### #........#
...........####.........
...###.#................
#.###.###.####...g......
#.##.## ##......@%....>.
#.###.###.######.S......
#.# #..#.## #.#.##...
#.# #.#.## #.#.# # #.#
#...# #.# # #.# #.###
#.. #.###.# ### #.....#
#..##.#


You could see an adder and a hobgoblin.

Vanquished Creatures
  An adder (D:2)
  A dart slug (D:1)
  4 ball pythons
  An endoplasm (D:1)
  2 goblins (D:1)
  2 hobgoblins (D:1)
  3 bats (D:1)
  A frilled lizard (D:1)
15 creatures vanquished.

Vanquished Creatures (others)
  4 toadstools (D:1)
4 creatures vanquished.

Grand Total: 19 creatures vanquished

Notes
Turn   | Place    | Note
-------+----------+-------------------------------------------
     0 | D:1      | qw the Ghoul Fire Elementalist began the quest for the Orb.
     0 | D:1      | Reached XP level 1. HP: 14/14 MP: 2/2
     0 | D:1      | 0 ||| qw: Version: 0.1-a-90-g952f4b7
     0 | D:1      | 0 ||| qw: Game counter: 4318
     0 | D:1      | 0 ||| qw: Always use a shield: true
     0 | D:1      | 0 ||| qw: God list: Okawaru
     0 | D:1      | 0 ||| qw: Allow faded altars: false
     0 | D:1      | 0 ||| qw: Do Orc after D:15 true
     0 | D:1      | 0 ||| qw: Do second Lair branch before Depths: true
     0 | D:1      | 0 ||| qw: Lair rune preference: random
     0 | D:1      | 0 ||| qw: Plans: Normal
     0 | D:1      | 0 ||| PLANNING D:1-11
    26 | D:1      | HP: 2/14 [dart slug (3)]
    29 | D:1      | Reached skill level 1 in Unarmed Combat
   526 | D:1      | Reached XP level 2. HP: 22/22 MP: 3/3
   584 | D:1      | Reached skill level 1 in Fighting
   990 | D:1      | Found a faded altar of an unknown god.
  1048 | D:1      | 1048 ||| UPGRADING to +0 leather armour.
  1058 | D:1      | 1058 ||| DROPPING +0 robe.
  1059 | D:1      | 1059 ||| UPGRADING to ring of protection from fire.
  1060 | D:1      | 1060 ||| DROPPING +6 ring of intelligence.
  1061 | D:1      | 1061 ||| READING scroll labelled ZIALEO SYFFAU.
  1062 | D:1      | 1062 ||| READING scroll labelled MAW VIASILAXZE.
  1063 | D:1      | 1063 ||| READING scroll labelled NEUG JAEVEALL.
  1164 | D:1      | 1164 ||| READING scroll labelled DODAAMM BYERILAA.
  1168 | D:1      | 1168 ||| DROPPING potion of magic.
  1271 | D:2      | HP: 4/23 [hobgoblin (4)]
  1272 | D:2      | Reached XP level 3. HP: 5/28 MP: 4/4
  1274 | D:2      | HP: 1/28 [hobgoblin (4)]
  1277 | D:2      | Slain by a hobgoblin

Levels and vault maps discovered:
D:1:      ldierk_water_garden, layout_basic, chequers_ecumenical_altar_grove,
          hangedman_abyss_or_decor_lesser_grid
D:2:      layout_loops_ring, basic_altar, serial_shops, shop_fountains,
          minmay_rat_hole

Skill      XL: |  1  2 |
---------------+-------+-----
Unarmed Combat | 1 2 |  2.4
Fighting       | 1 |  1.1
Dodging        | |  1.7
Stealth        | |  2.1
Spellcasting   | |  1.7
Conjurations   | |  0.7
Fire Magic     | |  2.4

Action                   || total
-------------------------++-------
Melee: Unarmed           ||    65
       Punch             ||     3
  Use: Scroll            ||     4
Armor: Robe              ||    11
       Leather armour    ||    10
Dodge: Dodged            ||    55

Table legend:
 A = Non-vault XP
 B = Vault XP
 C = Vault XP percentage of total XP
 D = Non-vault monster count
 E = Vault monster count
 F = Vault count percentage of total count
                 A         B        C        D         E       F
            +---------+---------+-------+---------+---------+-------
      Total |      37 |       0 |   0.0 |      15 |       0 |   0.0
            +---------+---------+-------+---------+---------+-------
        D:1 |      23 |       0 |   0.0 |      13 |       0 |   0.0
        D:2 |      14 |       0 |   0.0 |       2 |       0 |   0.0
            +---------+---------+-------+---------+---------+-------
